NYP
HUDSON VALLEY RENEGADES @ ABERDEEN IRONBIRDS
09/03/2045
 
TOP OF THE 1ST
Hudson Valley Renegades batting - Pitching for Aberdeen Ironbirds : LHP Luis Perez
Pitching: LHP Luis Perez
Batting: RHB Chris Thorson 0-0: Foul Ball, location: 2F
0-1: Foul Ball, location: 2F
0-2: Ball
1-2: Ground out 5-3 (Groundball, 56, EV 108.1 MPH)
Batting: RHB Evan Chalarian 0-0: Ball
1-0: DOUBLE (Line Drive, 7LM, EV 98.1 MPH)
Batting: RHB Adam Kaeser 0-0: Ball
1-0: Fly out, F8 (Flyball, 8LD, EV 109.4 MPH)
Batting: RHB Eddie Zamora 0-0: Ball
1-0: Ball
2-0: SINGLE (Line Drive, 56D, EV 98.1 MPH)
Evan Chalarian to third
Runner from 3rd tries for Home, SAFE, throw by LF to home
Batting: RHB Kunizo Yanagisawa 0-0: Fly out, F4 (Flyball, 4D, EV 88.8 MPH)
Top of the 1st over - 1 run, 2 hits, 0 errors, 1 left on base; Hudson Valley 1 - Aberdeen 0
BOTTOM OF THE 1ST
Aberdeen Ironbirds batting - Pitching for Hudson Valley Renegades : LHP Julian Roe
Pitching: LHP Julian Roe
Batting: RHB J.J. Basil 0-0: Ball
1-0: Called Strike
1-1: Swinging Strike
1-2: Ball
2-2: SINGLE (Groundball, 4MD, EV 99.4 MPH)
Batting: RHB Mario Luna 0-0: Ball
1-0: Ball
2-0: Foul Ball, location: 2F
2-1: Swinging Strike
2-2: Strikes out looking
Batting: RHB Jeremy Sipe 0-0: Fly out, F4 (Popup, 4, EV 76.2 MPH)
Batting: RHB Scott Boyd 0-0: Called Strike
0-1: Called Strike
0-2: Ball
1-2: Strikes out swinging
Bottom of the 1st over - 0 runs, 1 hit, 0 errors, 1 left on base; Hudson Valley 1 - Aberdeen 0
TOP OF THE 2ND
Hudson Valley Renegades batting - Pitching for Aberdeen Ironbirds : LHP Luis Perez
Batting: RHB Jim Erdody 0-0: Called Strike
0-1: Foul Ball, location: 2F
0-2: Ball
1-2: Strikes out swinging
Batting: LHB Josh Redfern 0-0: Foul Ball, location: 2F
0-1: Foul Ball, location: 2F
0-2: Ball
1-2: Ground out 6-3 (Groundball, 6S, EV 64.4 MPH)
Batting: RHB Jesus Baires 0-0: Ball
1-0: Ball
2-0: DOUBLE (Line Drive, 9LM, EV 106.2 MPH)
Batting: LHB Alex Genao 0-0: Ball
1-0: SINGLE (Groundball, 3D, EV 96.2 MPH)
Jesus Baires to third
Runner from 3rd tries for Home, SAFE, throw by RF to home
Alex Genao to second
Batting: RHB Chris Thorson 0-0: Foul Ball, location: 2F
0-1: Ball
1-1: Ball
2-1: Ball
3-1: Base on Balls
Batting: RHB Evan Chalarian 0-0: Called Strike
0-1: Swinging Strike
0-2: Ball
1-2: Ball
2-2: Foul Ball, location: 2F
2-2: Strikes out swinging
Top of the 2nd over - 1 run, 2 hits, 0 errors, 2 left on base; Hudson Valley 2 - Aberdeen 0
BOTTOM OF THE 2ND
Aberdeen Ironbirds batting - Pitching for Hudson Valley Renegades : LHP Julian Roe
Batting: LHB Antonio Cantu 0-0: Ball
1-0: Ball
2-0: Ball
3-0: Called Strike
3-1: Base on Balls
Batting: RHB Ryan Vest 0-0: Called Strike
0-1: Swinging Strike
0-2: Foul Ball, location: 2F
0-2: Foul Ball, location: 2F
0-2: Ball
1-2: Foul Ball, location: 2F
1-2: Fly out, F9 (Flyball, 9D, EV 89.4 MPH)
Batting: RHB Ioan Biros 0-0: Ball
1-0: Ball
2-0: SINGLE (Line Drive, 78S, EV 92.5 MPH)
Antonio Cantu to second
Batting: SHB Tyler Myatt 0-0: Called Strike
0-1: Called Strike
0-2: Ball
1-2: Foul Ball, location: 2F
1-2: Foul Ball, location: 2F
1-2: Ball
2-2: Strikes out swinging
Batting: LHB Rodolfo Montes 0-0: Foul Ball, location: 2F
0-1: Fly out, F8 (Flyball, 8RD, EV 90.6 MPH)
Bottom of the 2nd over - 0 runs, 1 hit, 0 errors, 2 left on base; Hudson Valley 2 - Aberdeen 0
TOP OF THE 3RD
Hudson Valley Renegades batting - Pitching for Aberdeen Ironbirds : LHP Luis Perez
Batting: RHB Adam Kaeser 0-0: Ball
1-0: Foul Ball, location: 2F
1-1: Ball
2-1: Called Strike
2-2: SINGLE (Groundball, 6MD, EV 97.5 MPH)
Batting: RHB Eddie Zamora 0-0: Ball
1-0: Foul Ball, location: 2F
1-1: Called Strike
1-2: Strikes out swinging
Batting: RHB Kunizo Yanagisawa 0-0: Called Strike
0-1: Ball
1-1: SINGLE (Line Drive, 7LM, EV 93.8 MPH)
Adam Kaeser to second
Batting: RHB Jim Erdody 0-0: Foul Ball, location: 2F
0-1: Foul Ball, location: 2F
0-2: Ball
1-2: Strikes out looking
Batting: LHB Josh Redfern 0-0: Ball
1-0: Swinging Strike
1-1: Called Strike
1-2: Ball
2-2: Ball
3-2: Strikes out swinging
Top of the 3rd over - 0 runs, 2 hits, 0 errors, 2 left on base; Hudson Valley 2 - Aberdeen 0
BOTTOM OF THE 3RD
Aberdeen Ironbirds batting - Pitching for Hudson Valley Renegades : LHP Julian Roe
Batting: RHB J.J. Basil 0-0: Ball
1-0: Foul Ball, location: 2F
1-1: Foul Ball, location: 2F
1-2: Ball
2-2: SINGLE (Groundball, 4MD, EV 98.1 MPH)
Batting: RHB Mario Luna 0-0: Ball
1-0: Called Strike
J.J. Basil steals 2nd base (no throw)
1-1: Reached via error on a dropped throw from 3B, E3 (Groundball, 56, EV 90.6 MPH)
J.J. Basil to third
Batting: RHB Jeremy Sipe 0-0: Ball
1-0: Called Strike
1-1: Swinging Strike
1-2: Fielders Choice at 2nd, 2-6 (Groundball, 2R, EV 67.5 MPH)
Batting: RHB Scott Boyd 0-0: Ball
Jeremy Sipe is caught stealing 2nd base 2-4
1-0: Ball
2-0: Called Strike
2-1: Ball
3-1: Ground out 6-3 (Groundball, 6, EV 98.8 MPH)
Bottom of the 3rd over - 0 runs, 1 hit, 1 error, 1 left on base; Hudson Valley 2 - Aberdeen 0
TOP OF THE 4TH
Hudson Valley Renegades batting - Pitching for Aberdeen Ironbirds : LHP Luis Perez
Batting: RHB Jesus Baires 0-0: Ball
1-0: Ball
2-0: Called Strike
2-1: Foul Ball, location: 2F
2-2: Strikes out swinging
Batting: LHB Alex Genao 0-0: SOLO HOME RUN (Line Drive, 9D, EV 101.9 MPH), Distance : 386 ft
Batting: RHB Chris Thorson 0-0: Called Strike
0-1: Ball
1-1: Foul Ball, location: 2F
1-2: Ground out 6-3 (Groundball, 6, EV 103.1 MPH)
Batting: RHB Evan Chalarian 0-0: Swinging Strike
0-1: Ball
1-1: Swinging Strike
1-2: Ball
2-2: Ground out 5-3 (Groundball, 56S, EV 67.5 MPH)
Top of the 4th over - 1 run, 1 hit, 0 errors, 0 left on base; Hudson Valley 3 - Aberdeen 0
BOTTOM OF THE 4TH
Aberdeen Ironbirds batting - Pitching for Hudson Valley Renegades : LHP Julian Roe
Batting: LHB Antonio Cantu 0-0: Called Strike
0-1: SINGLE (Line Drive, 9LM, EV 86.9 MPH)
Batting: RHB Ryan Vest 0-0: Foul Ball, location: 2F
0-1: Ball
1-1: Foul Ball, location: 2F
1-2: Ball
2-2: Foul Ball, location: 2F
2-2: Ground out 4-3 (Groundball, 34, EV 103.8 MPH)
Antonio Cantu to second
Batting: RHB Ioan Biros 0-0: Ground out 6-3 (Groundball, 6, EV 102.5 MPH)
Batting: SHB Tyler Myatt 0-0: Called Strike
0-1: Called Strike
0-2: Ground out 6-3 (Groundball, 6S, EV 61.2 MPH)
Bottom of the 4th over - 0 runs, 1 hit, 0 errors, 1 left on base; Hudson Valley 3 - Aberdeen 0
TOP OF THE 5TH
Hudson Valley Renegades batting - Pitching for Aberdeen Ironbirds : LHP Luis Perez
Batting: RHB Adam Kaeser 0-0: Called Strike
0-1: Called Strike
0-2: Strikes out looking
Pitching: RHP David Burrus
Batting: RHB Eddie Zamora 0-0: Called Strike
0-1: Called Strike
0-2: Strikes out swinging
Batting: RHB Kunizo Yanagisawa 0-0: SINGLE (Groundball, 6MS, EV 71.9 MPH) (infield hit)
Batting: RHB Jim Erdody 0-0: Ball
1-0: Fly out, F3 (Popup, 23, EV 85.0 MPH)
Top of the 5th over - 0 runs, 1 hit, 0 errors, 1 left on base; Hudson Valley 3 - Aberdeen 0
BOTTOM OF THE 5TH
Aberdeen Ironbirds batting - Pitching for Hudson Valley Renegades : LHP Julian Roe
Batting: LHB Rodolfo Montes 0-0: Ball
1-0: Foul Ball, location: 2F
1-1: Ball
2-1: Ground out 5-3 (Groundball, 5, EV 100.6 MPH)
Batting: RHB J.J. Basil 0-0: Ground out 2-3 (Groundball, 2R, EV 63.8 MPH)
Batting: RHB Mario Luna 0-0: SINGLE (Line Drive, 6M, EV 100.6 MPH)
Pitching: RHP Pablo Maravilla
Batting: RHB Jeremy Sipe 0-0: Ball
1-0: Swinging Strike
1-1: Called Strike
1-2: Ball
Mario Luna is caught stealing 2nd base 2-4
Bottom of the 5th over - 0 runs, 1 hit, 0 errors, 0 left on base; Hudson Valley 3 - Aberdeen 0
TOP OF THE 6TH
Hudson Valley Renegades batting - Pitching for Aberdeen Ironbirds : RHP David Burrus
Batting: LHB Josh Redfern 0-0: Called Strike
0-1: Ball
1-1: SINGLE (Groundball, 56D, EV 97.5 MPH)
Batting: RHB Jesus Baires 0-0: Called Strike
0-1: Fly out, F8 (Flyball, 89M, EV 88.1 MPH)
Batting: LHB Alex Genao 0-0: Ball
1-0: Called Strike
1-1: Foul Ball, location: 2F
1-2: Foul Ball, location: 2F
1-2: Foul Ball, location: 2F
1-2: Strikes out looking
Batting: RHB Chris Thorson 0-0: SINGLE (Groundball, 6M, EV 106.2 MPH) (infield hit)
Josh Redfern to second
Batting: RHB Evan Chalarian 0-0: Called Strike
0-1: Ball
1-1: Foul Ball, location: 2F
1-2: Ball
2-2: Fly out, F8 (Flyball, 8RXD, EV 85.6 MPH)
Top of the 6th over - 0 runs, 2 hits, 0 errors, 2 left on base; Hudson Valley 3 - Aberdeen 0
BOTTOM OF THE 6TH
Aberdeen Ironbirds batting - Pitching for Hudson Valley Renegades : RHP Pablo Maravilla
Batting: RHB Jeremy Sipe 0-0: Ground out 5-3 (Groundball, 56, EV 110.0 MPH)
Batting: RHB Scott Boyd 0-0: Swinging Strike
0-1: SINGLE (Line Drive, 89S, EV 98.8 MPH)
Batting: LHB Antonio Cantu 0-0: Called Strike
0-1: Swinging Strike
0-2: Foul Ball, location: 2F
0-2: Strikes out swinging
Batting: RHB Ryan Vest 0-0: Ball
1-0: Ground out 1-3 (Groundball, P, EV 64.4 MPH)
Bottom of the 6th over - 0 runs, 1 hit, 0 errors, 1 left on base; Hudson Valley 3 - Aberdeen 0
TOP OF THE 7TH
Hudson Valley Renegades batting - Pitching for Aberdeen Ironbirds : RHP David Burrus
Pitching: LHP Vinny Duarte
Batting: RHB Adam Kaeser 0-0: Ball
1-0: Ground out U3 (Groundball, 34S, EV 70.6 MPH)
Batting: RHB Eddie Zamora 0-0: Ball
1-0: Foul Ball, location: 2F
1-1: Foul Ball, location: 2F
1-2: Ball
2-2: Ground out 4-3 (Groundball, 4, EV 78.1 MPH)
Batting: RHB Kunizo Yanagisawa 0-0: Hit by Pitch
Batting: RHB Jim Erdody 0-0: Called Strike
0-1: Swinging Strike
0-2: Ball
1-2: Ball
2-2: Ball
3-2: Strikes out swinging
Top of the 7th over - 0 runs, 0 hits, 0 errors, 1 left on base; Hudson Valley 3 - Aberdeen 0
BOTTOM OF THE 7TH
Aberdeen Ironbirds batting - Pitching for Hudson Valley Renegades : RHP Pablo Maravilla
Pitching: RHP Yang Meng
Batting: RHB Ioan Biros 0-0: Foul Ball, location: 2F
0-1: SINGLE (Groundball, 5S, EV 62.5 MPH) (infield hit)
Batting: SHB Tyler Myatt 0-0: Bunted foul
0-1: Sac Bunt to 25 - play at second, runner OUT! 5-6
Batting: LHB Rodolfo Montes 0-0: Ball
Tyler Myatt is caught stealing 2nd base 2-6
1-0: Swinging Strike
1-1: Called Strike
1-2: Fly out, F8 (Flyball, 8RD, EV 102.5 MPH)
Bottom of the 7th over - 0 runs, 1 hit, 0 errors, 0 left on base; Hudson Valley 3 - Aberdeen 0
TOP OF THE 8TH
Hudson Valley Renegades batting - Pitching for Aberdeen Ironbirds : LHP Vinny Duarte
Pitching: RHP Brian Tarver
Batting: LHB Josh Redfern 0-0: Ball
1-0: Ball
2-0: Foul Ball, location: 2F
2-1: Called Strike
2-2: Ball
3-2: Foul Ball, location: 2F
3-2: Foul Ball, location: 2F
3-2: Base on Balls
Batting: RHB Jesus Baires 0-0: Ball
1-0: Called Strike
1-1: Ball
2-1: Called Strike
2-2: Ball
3-2: Foul Ball, location: 2F
3-2: Foul Ball, location: 2F
3-2: Strikes out swinging
Batting: LHB Alex Genao 0-0: Ball
Wild Pitch!
Josh Redfern to second
1-0: Swinging Strike
1-1: Foul Ball, location: 2F
1-2: Strikes out swinging
Batting: RHB Chris Thorson 0-0: Called Strike
0-1: Ball
1-1: Called Strike
1-2: Ball
2-2: Ball
3-2: Fly out, F4 (Popup, 4S, EV 67.5 MPH)
Top of the 8th over - 0 runs, 0 hits, 0 errors, 1 left on base; Hudson Valley 3 - Aberdeen 0
BOTTOM OF THE 8TH
Aberdeen Ironbirds batting - Pitching for Hudson Valley Renegades : RHP Yang Meng
Batting: RHB J.J. Basil 0-0: SINGLE (Groundball, 6MD, EV 95.6 MPH)
Pinch Hitting: LHB Justin Moore 0-0: Ball
1-0: Foul Ball, location: 2F
1-1: Ball
2-1: Ball
3-1: Base on Balls
J.J. Basil to second
Batting: RHB Jeremy Sipe 0-0: Called Strike
0-1: Ball
1-1: Ball
2-1: Ball
3-1: SINGLE (Groundball, 34, EV 102.5 MPH)
J.J. Basil to third
Justin Moore to second
Batting: RHB Scott Boyd 0-0: Ball
1-0: Foul Ball, location: 2F
1-1: SINGLE (Groundball, 34D, EV 97.5 MPH)
J.J. Basil scores
Justin Moore to third
Jeremy Sipe to second
Batting: LHB Antonio Cantu 0-0: Ball
1-0: Ball
2-0: Foul Ball, location: 2F
2-1: Foul Ball, location: 2F
2-2: Strikes out swinging
Batting: RHB Ryan Vest 0-0: Ball
1-0: Called Strike
1-1: DOUBLE (Line Drive, 7LS, EV 103.1 MPH)
Justin Moore scores
Jeremy Sipe scores
Scott Boyd to third
Runner from 3rd tries for Home, SAFE, no throw by LF
Pitching: LHP Tim Pulliam
Batting: RHB Ioan Biros 0-0: Ball
1-0: Foul Ball, location: 2F
1-1: Ball
2-1: Foul Ball, location: 2F
2-2: Strikes out swinging
Batting: SHB Tyler Myatt 0-0: Called Strike
0-1: Ball
1-1: Ball
2-1: Ball
3-1: Ground out 6-3 (Groundball, 6, EV 76.9 MPH)
Bottom of the 8th over - 4 runs, 4 hits, 0 errors, 1 left on base; Hudson Valley 3 - Aberdeen 4
TOP OF THE 9TH
Hudson Valley Renegades batting - Pitching for Aberdeen Ironbirds : RHP Brian Tarver
Pitching: RHP Jon Grason
Now at 2B: Tyler Myatt
Now at SS: J.J. Basil
Now in RF: Justin Moore
Batting: RHB Evan Chalarian 0-0: Called Strike
0-1: Foul Ball, location: 2F
0-2: Ball
1-2: Ball
2-2: Strikes out swinging
Batting: RHB Adam Kaeser 0-0: Fly out, F7 (Flyball, 7LS, EV 95.6 MPH)
Pinch Hitting: SHB Suljo Dokic 0-0: Ball
1-0: Ball
2-0: Ball
3-0: Called Strike
3-1: Called Strike
3-2: Strikes out swinging
Top of the 9th over - 0 runs, 0 hits, 0 errors, 0 left on base; Hudson Valley 3 - Aberdeen 4
Wednesday, June 22nd , 2022 - OOTP Baseball 23.4 Build 64